 Dungeon Crawl Stone Soup version 0.26.1-11-gd32895ea62 (webtiles) character file.

Game seed: 15441725056618500293

1705 Golfball the Chiller (level 9, -7/54 HPs)
             Began as a Gargoyle Ice Elementalist on July 6, 2021.
             Was an Initiate of Vehumet.
             Mangled by a cyan ugly thing (11 damage)
             ... on level 6 of the Dungeon.
             The game lasted 00:34:24 (6736 turns).

Golfball the Chiller (Gargoyle Ice Elementalist)    Turns: 6736, Time: 00:34:25

Health: -7/54      AC: 13    Str: 14    XL:     9   Next: 3%
Magic:  11/15      EV: 12    Int: 17    God:    Vehumet [......]
Gold:   340        SH:  0    Dex: 16    Spells: 8/16 levels left

rFire    . . .     SeeInvis .   a - +0 short sword (flame)
rCold    . . .     Faith    .   (no shield)
rNeg     + . .     Spirit   .   h - +0 steam dragon scales
rPois    ∞         Reflect  .   b - +0 helmet
rElec    +         Harm     .   (no cloak)
rCorr    .         Rampage  .   (no gloves)
Will     .....                  k - +0 pair of boots
Stlth    +++.......             (no amulet)
HPRegen  0.18/turn              r - +6 ring of dexterity
MPRegen  0.14/turn              (no ring)

@: no status effects
A: negative energy resistance 1, electricity resistance, unbreathing,
petrification resistance, miasma immunity, AC +6
a: Renounce Religion


You were on level 6 of the Dungeon.
You worshipped Vehumet.
Vehumet was noncommittal.
You visited 1 branch of the dungeon, and saw 6 of its levels.

You collected 340 gold pieces.

Inventory:

Hand Weapons
 a - a +0 short sword of flaming (weapon)
 v - a +0 flail
Missiles
 f - 180 stones
 g - 40 sling bullets
Armour
 b - a +0 helmet (worn)
 h - +0 steam dragon scales (worn)
 k - a +0 pair of boots (worn)
 p - a +0 robe
 q - a +0 ring mail of cold resistance
 E - a +0 cloak
Jewellery
 r - a +6 ring of dexterity (left hand)
 y - an uncursed ring of protection from fire {unknown}
Wands
 n - a wand of iceblast (9)
 A - a wand of paralysis (9)
 C - a wand of flame (18)
Scrolls
 e - a scroll of magic mapping {unknown}
 j - a scroll of teleportation {unknown}
 l - 2 scrolls of amnesia
 m - 3 scrolls of remove curse
 s - a scroll of fog {unknown}
 w - a scroll of fear {unknown}
 D - a scroll of brand weapon
Potions
 c - 3 potions of might
 d - 2 potions of mutation
 i - a potion of heal wounds
 o - a potion of flight
 t - a potion of berserk rage
 u - a potion of curing
 x - a potion of attraction
 z - a potion of invisibility {unknown}
 B - 2 potions of brilliance {unknown}


   Skills:
 - Level 5.5 Fighting
 - Level 4.5 Short Blades
 + Level 0.6 Armour
 - Level 1.5 Dodging
 - Level 4.0 Stealth
 - Level 4.0 Spellcasting
 - Level 6.0 Ice Magic
 + Level 3.0 Poison Magic
 - Level 3.5 Evocations


You had 8 spell levels left.
You knew the following spells:

 Your Spells              Type           Power        Failure   Level
a - Freeze                Ice            92%          1%          1
b - Frozen Ramparts       Ice            46%          4%          3
c - Ozocubu's Armour      Ice            23%          4%          3
d - Sting                 Tmut/Pois      32%          9%          1

Your spell library contained the following spells:

 Spells                   Type           Power        Failure   Level
 Poisonous Vapours        Pois/Air       16%          13%         2
 Ignite Poison            Fire/Tmut/Pois 6%           30%         3
 Mephitic Cloud           Conj/Pois/Air  6%           30%         3
 Hailstorm                Conj/Ice       13%          41%         4
 Olgreb's Toxic Radiance  Pois           13%          41%         4
 Summon Ice Beast         Ice/Summ       13%          41%         4


Dungeon Overview and Level Annotations

Branches:
Dungeon (6/15)             Temple (0/1) D:6

Altars:
Makhleb
Okawaru
Ru
Vehumet
Xom

Annotations:
D:3 2 transporters, unlimited1921's ghost, amateur DgFE
D:6 3 runed translucent doors, JBAR's ghost, novice GnTm


Innate Abilities, Weirdness & Mutations

You are resistant to torment.
Your stone body is resilient. (AC +6)
You are immune to poison.
You resist negative energy. (rN+)
You are resistant to electric shocks. (rElec)
You can survive without breathing.
You are immune to petrification.
You are immune to miasma.


Message History

* * * LOW HITPOINT WARNING * * *
The cyan ugly thing shocks you. You resist.
* * * LOW HITPOINT WARNING * * *
Casting: Freeze (safe; 1% risk of failure)
Confirm with . or Enter, or press ? or * to list all spells.
Aiming: Sting (safe; 9% risk of failure)
Press: ? - help, Shift-Dir - straight line, f/p - cyan ugly thing
Aim: a cyan ugly thing (heavily wounded, 32% to evade)
The sting hits the cyan ugly thing.
The cyan ugly thing is poisoned.
The cyan ugly thing is severely wounded.
The wall freezes the cyan ugly thing.
The cyan ugly thing stings you but does no damage.
You hit the cyan ugly thing but do no damage.
The cyan ugly thing is severely wounded.
The frozen ramparts melt away.
The cyan ugly thing stings you but does no damage.
You barely miss the cyan ugly thing.
The cyan ugly thing is severely wounded.
The cyan ugly thing stings you!
You die...

#...#.# #...
#.#.#.##.# #.⌠.
#...#..#.###...#######
#.#.'..#...[........).
#...#.....⌠..>..⌠..###
#.#S#.##....(......#
#...#†##.###...###.###
###l#u##.# #.⌠.# #....
#...#@##.###...# #.##.
#.#.#.##.......###.##.
#...#.##...........##.
#.#.#..........######.
#...#..............##.
#.#.#.......######.##.
#...#.........# #. ##
.#......##.# ##
#.##.### .#


You could see a cyan ugly thing (poisoned).

Vanquished Creatures
  An orc warrior (D:6)
  3 ogres
  3 phantoms (D:5)
  2 centaurs
  A bullfrog (D:6)
  A wyvern zombie (D:6)
  A centaur zombie (D:6)
  3 hounds
  3 orc priests
  An orc wizard (D:4)
  2 bullfrog skeletons (D:5)
  4 iguanas
  Natasha (thrice) (D:3)
  2 worker ants
  A hound skeleton (D:4)
  6 gnolls
  A worker ant zombie (D:5)
  9 adders
  A shadow imp (D:6)
  A white imp (D:6)
  An adder skeleton (D:5)
  2 worms (D:2)
  A dart slug (D:1)
  5 leopard geckos
  14 orcs
  11 bats
  8 giant cockroaches
  14 goblins
  6 hobgoblins
  10 jackals
  7 kobolds
  6 frilled lizards
  2 quokka skeletons
  6 rats
142 creatures vanquished.

Vanquished Creatures (others)
  A fungus (D:6)
  3 plants (D:6)
4 creatures vanquished.

Grand Total: 146 creatures vanquished

Notes
Turn   | Place    | Note
-------+----------+-------------------------------------------
     0 | D:1      | Golfball the Gargoyle Ice Elementalist began the quest for
                  | the Orb.
     0 | D:1      | Reached XP level 1. HP: 10/10 MP: 3/3
   128 | D:1      | Reached XP level 2. HP: 11/15 MP: 1/5
   461 | D:1      | Reached XP level 3. HP: 13/19 MP: 4/6
   623 | D:1      | Learned a level 3 spell: Frozen Ramparts
  1215 | D:2      | Reached XP level 4. HP: 24/24 MP: 8/8
  1464 | D:2      | Reached skill level 5 in Ice Magic
  1469 | D:2      | Reached skill level 1 in Fighting
  1951 | D:3      | Noticed Natasha
  1975 | D:3      | Killed Natasha
  1976 | D:3      | Reached XP level 5. HP: 20/30 MP: 6/9
  2249 | D:3      | Found a transporter.
  2249 | D:3      | Found a transporter.
  2250 | D:3      | Noticed unlimited1921's ghost (amateur DgFE)
  2297 | D:3      | Learned a level 3 spell: Ozocubu's Armour
  2527 | D:3      | Noticed Natasha
  2531 | D:3      | Killed Natasha
  2574 | D:3      | Noticed Natasha
  2584 | D:3      | Killed Natasha
  2677 | D:3      | Found a snail-covered altar of Cheibriados.
  2679 | D:3      | Found a radiant altar of Vehumet.
  2679 | D:3      | Found a glowing silver altar of Zin.
  2683 | D:3      | Found a shimmering altar of Xom.
  2683 | D:3      | Found a blossoming altar of Fedhas.
  2683 | D:3      | Found a basalt altar of Yredelemnul.
  2723 | D:3      | Reached XP level 6. HP: 37/37 MP: 7/10
  3280 | D:4      | Reached skill level 6 in Ice Magic
  3313 | D:4      | Reached skill level 1 in Evocations
  3422 | D:4      | Reached XP level 7. HP: 42/44 MP: 6/11
  3623 | D:4      | Reached skill level 1 in Short Blades
  3946 | D:4      | Found an iron altar of Okawaru.
  4028 | D:4      | Found a burning altar of Makhleb.
  4130 | D:5      | Entered Level 5 of the Dungeon
  4344 | D:5      | Found a sacrificial altar of Ru.
  5052 | D:5      | Reached XP level 8. HP: 24/48 MP: 12/12
  5951 | D:6      | Reached skill level 5 in Fighting
  5958 | D:6      | Learned a level 1 spell: Sting
  6089 | D:5      | Found a radiant altar of Vehumet.
  6097 | D:5      | Became a worshipper of Vehumet
  6135 | D:6      | Found a runed translucent gate.
  6135 | D:6      | Found a runed translucent gate.
  6135 | D:6      | Found a runed translucent gate.
  6138 | D:6      | Noticed JBAR's ghost (novice GnTm)
  6139 | D:6      | Noticed a kobold demonologist
  6272 | D:6      | Found a staircase to the Ecumenical Temple.
  6279 | D:6      | Reached skill level 1 in Poison Magic
  6580 | D:6      | Reached XP level 9. HP: 31/54 MP: 15/15
  6710 | D:6      | Noticed a cyan ugly thing
  6736 | D:6      | Mangled by a cyan ugly thing

Illustrated notes

Levels and vault maps discovered:
D:1:      minmay_arrival_four_houses, layout_rooms, serial_bayou_pond_a,
          minmay_misc_feat_pillars, amcnicky_mini_corridor_feature, st_stairs_7,
          corexii_item_surrounded_by_moat, minmay_misc_feat_rows
D:2:      layout_basic
D:3:      cheibrodos_helix_gallery, layout_loops_corners, doesnt_xom_only_xom,
          gammafunk_ghost_arena, uniq_natasha
D:4:      layout_cave_pools, kennysheep_mini, kennysheep_okawaru_gauntlet
D:5:      lemuel_upstairs_altar, layout_gridville, marbit_many_paths
D:6:      layout_loops_ring, nicolae_overflow_quartered_altars,
          minmay_temple_entry_junction, gammafunk_ghost_nasty_kobolds,
          hangedman_minor_gate_pass

Skill      XL: |  1  2  3  4  5  6  7  8  9 |
---------------+----------------------------+-----
Spellcasting   | 3 4 |  4.0
Ice Magic      | 5 6 |  6.0
Fighting       | 2 3 4 5 |  5.5
Evocations     | 1 3 |  3.5
Short Blades   | 3 4 |  4.5
Stealth        | 4 |  4.0
Poison Magic   | 2 3 |  3.0
Armour         | |  0.6
Dodging        | |  1.5

Action                   |  1- 3 |  4- 6 |  7- 9 || total
-------------------------+-------+-------+-------++-------
Melee: Dagger            |    77 |    74 |       ||   151
       Short sword       |       |    29 |   338 ||   367
Throw: Stone             |       |       |    32 ||    32
 Cast: Freeze            |    28 |    30 |    19 ||    77
       Frozen Ramparts   |     1 |     8 |    11 ||    20
       Ozocubu's Armour  |       |       |     2 ||     2
       Sting             |       |       |     2 ||     2
  Use: Scroll            |       |     6 |     5 ||    11
 Stab: Sleeping          |     3 |     4 |     3 ||    10
       Distracted        |       |       |     1 ||     1
Armor: Robe              |    19 |       |       ||    19
       Steam dragon scal |    14 |    58 |   132 ||   204
Dodge: Dodged            |    44 |    85 |   157 ||   286
